Match 47484302
Unlisted

Match 47484302
End
Kettenkrad Recon Vehicle
Construct Infanterie Kompanie
MG 42 Machine Gun Team
Selects Terror Battlegroup
Grenadier Squad
Selects Machine Gun Camouflage
Selects Machine Gun Camouflage
Construct Panzergrenadier Kompanie
251 Medium Carrier
Panzergrenadier Squad
Kettenkrad Recon Vehicle
[CoA] Deathkrieg
jodone
XRayCat
MrBlueSteel
kamacura
Jerking Hans
0
0

Comments sign in to comment!

No comments posted yet!